 Dungeon Crawl Stone Soup version 0.29.1-1-gd02db6906a (webtiles) character file.

Game seed: 16481353733738143061

933 Icepheonix32 the Zephyrmancer (level 8, -1/43 HPs)
             Began as a Tengu Air Elementalist on Oct 3, 2022.
             Shot with an arrow by a centaur (5 damage)
             ... on level 5 of the Dungeon.
             The game lasted 00:15:53 (5272 turns).

Icepheonix32 the Zephyrmancer (TeAE)                Turns: 5272, Time: 00:15:53

Health: -1/43      AC:  9    Str:  8    XL:     8   Next: 11%
Magic:  14/15      EV: 14    Int: 17    God:
Gold:   110        SH:  0    Dex: 16    Spells: 0/15 levels left

rFire   . . .      SeeInvis .   a - +2 whip (drain)
rCold   . . .      Faith    .   (no shield)
rNeg    + . .      Spirit   .   k - +0 leather armour
rPois   .          Reflect  .   n - +2 hat
rElec   .          Harm     .   e - +0 cloak
rCorr   .          Rampage  .   c - +2 pair of gloves
Will    .....                   (boots unavailable)
Stlth   ++........              (no amulet)
HPRegen 0.14/turn               h - ring of positive energy
MPRegen 0.14/turn               (no ring)

@: about to teleport, flying quickly and evasively, quick
A: beak, talons 3, nimble flight
a: no special abilities


You were on level 5 of the Dungeon.
You visited 1 branch of the dungeon, and saw 5 of its levels.
You also visited: Sewer.

You collected 264 gold pieces.
You spent 154 gold pieces at shops.

Inventory:

Hand Weapons
 a - a +2 whip of draining (weapon)
 f - a +1 whip of venom
 q - a +0 short sword of speed
 v - a +1 vorpal mace
Missiles
 t - 6 poisoned darts
 F - 5 boomerangs
Armour
 c - a +2 pair of gloves (worn)
 d - a +0 plate armour
 e - a +0 cloak (worn)
 k - a +0 leather armour (worn)
 m - a +0 buckler
 n - a +2 hat (worn)
Magical Staves
 j - a staff of earth
Jewellery
 h - a ring of positive energy (left hand)
Scrolls
 i - 2 scrolls of enchant armour
 l - a scroll of teleportation
 p - a scroll of silence
 s - a scroll of vulnerability
 D - 2 scrolls of brand weapon
Potions
 b - 2 potions of magic
 g - a potion of brilliance
 o - a potion of attraction
 r - 2 potions of might
 u - a potion of heal wounds {unknown}
 w - a potion of invisibility {unknown}
 z - 3 potions of resistance {unknown}
 A - a potion of experience {unknown}
 B - a potion of lignification
 C - a potion of mutation
 G - a potion of flight {unknown}
 H - 2 potions of cancellation
 I - a potion of berserk rage {unknown}


   Skills:
 + Level 1.0 Fighting
 + Level 1.0 Short Blades
 + Level 1.5 Maces & Flails
 + Level 2.1 Armour
 + Level 2.6 Dodging
 + Level 2.4 Stealth
 + Level 4.1 Spellcasting
 * Level 5.9 Conjurations
 * Level 8.0 Air Magic


You couldn't memorise any spells.
You knew the following spells:

 Your Spells              Type           Power      Damage    Failure   Level
a - Shock                 Conj/Air       100%       1d9       1%          1
b - Static Discharge      Conj/Air       27%        3-7/arc   1%          2
c - Airstrike             Air            15%        2d(3-19)  9%          4
d - Swiftness             Air            30%        N/A       2%          3
e - Lightning Bolt        Conj/Air       13%        1d27      34%         5

Your spell library contained the following spells:

 Spells                   Type           Power      Damage    Failure   Level
 Beastly Appendage        Tmut           6%         N/A       22%         1
 Summon Small Mammal      Summ           12%        N/A       22%         1
 Wereblood                Tmut           3%         N/A       32%         2
 Call Canine Familiar     Summ           3%         N/A       54%         3
 Spider Form              Tmut/Pois      3%         N/A       54%         3
 Summon Guardian Golem    Hex/Summ       3%         N/A       54%         3
 Maxwell's Capacitive Co  Air            15%        ∞         100%        8


Dungeon Overview and Level Annotations

Branches:
Dungeon (5/15)              Sewer (visited)
 Temple: D:4-7

Altars:

Shops:
D:2 (   D:3 !

Annotations:
D:4 3 runed translucent doors, Pemander008's ghost, amateur GnWn


Innate Abilities, Weirdness & Mutations

You have a beak for a mouth.
You have claws for feet.
Your magical nature lets you fly swiftly and evasively.


Message History

The centaur is lightly wounded.
The centaur barely misses you. The centaur closely misses you.
The centaur barely misses you. x2
You barely miss the centaur. You claw the centaur, but do no damage.
Your peck misses the centaur.
The centaur is lightly wounded.
The centaur closely misses you.
The centaur kicks you but does no damage.
Unknown command.
Casting: Shock (safe; 1% risk of failure)
Confirm with . or Enter, or press ? or * to list all spells.
Aiming: Shock (safe; 1% risk of failure)
Press: ? - help, Shift-Dir - straight line The zap misses the centaur.
The zap hits the centaur.
The centaur is lightly wounded.
The centaur hits you but does no damage.
The centaur closely misses you. The centaur misses you.
The centaur kicks you but does no damage.
You completely miss the centaur. You claw the centaur, but do no damage.
Your peck misses the centaur.
The centaur is lightly wounded.
The centaur hits you.
* * * LOW HITPOINT WARNING * * *
The centaur kicks you.
* * * LOW HITPOINT WARNING * * *
Really fly into that dispersal trap?
The centaur attacks as you move away! The centaur misses you.
The centaur kicks you but does no damage.
You enter a dispersal trap!
The centaur blinks! x3; You blink.
The centaur wields a +0 shortbow.
The centaur shoots an arrow.
The arrow misses you.
You see here a scroll labelled HOPNEF DIXOOPS.
You feel better.
The centaur shoots an arrow.
The arrow hits you.
* * * LOW HITPOINT WARNING * * *
The centaur shoots an arrow.
The arrow hits you!
* * * LOW HITPOINT WARNING * * *
Okay, then.
As you read the scroll of teleportation, it crumbles to dust.
You feel strangely unstable.
The centaur shoots an arrow.
The arrow hits you.
You die...

# .# #####.####
#........#
#(@......#
#........#
#........#
#........#
#§....c..#
#........#
#....^...#
#........######
#.............#


You could see a centaur.

Vanquished Creatures
  2 ogres
  A centaur (D:5)
  A phantom (D:4)
  A kobold brigand (Sewer)
  2 jellies (D:4)
  2 hounds (D:4)
  A gnoll bouda (D:5)
  An orc wizard (D:3)
  9 gnolls
  6 river rats
  10 adders
  2 worms
  5 dart slugs
  4 orcs (D:3)
  7 endoplasms
  10 giant cockroaches
  5 goblins
  9 hobgoblins
  5 quokkas
  10 ball pythons
  5 bats
  2 frilled lizards
  23 kobolds
  28 rats
151 creatures vanquished.

Vanquished Creatures (others)
  4 fungi (D:2)
4 creatures vanquished.

Grand Total: 155 creatures vanquished

Notes
Turn   | Place    | Note
-------+----------+-------------------------------------------
     0 | D:1      | Icepheonix32 the Tengu Air Elementalist began the quest for
                  | the Orb.
     0 | D:1      | Reached XP level 1. HP: 10/10 MP: 4/4
   214 | D:1      | Reached XP level 2. HP: 15/15 MP: 3/6
   655 | D:1      | Reached skill level 5 in Air Magic
   720 | D:1      | Reached XP level 3. HP: 19/19 MP: 0/7
  1348 | D:2      | Found a faded altar of an unknown god.
  1616 | D:2      | Reached skill level 1 in Armour
  1616 | D:2      | Reached XP level 4. HP: 24/24 MP: 5/8
  1686 | D:2      | Reached skill level 1 in Maces & Flails
  2009 | D:2      | Found Cobeih's Weapon Shoppe.
  2137 | D:3      | Gained mutation: Your magical nature lets you fly swiftly
                  | and evasively. [Tengu growth]
  2137 | D:3      | Reached XP level 5. HP: 28/28 MP: 1/9
  2293 | D:3      | Learned a level 2 spell: Static Discharge
  2367 | D:3      | Found a glowing drain.
  2400 | Sewer    | Entered a sewer
  2587 | Sewer    | Reached skill level 6 in Air Magic
  2652 | Sewer    | Reached XP level 6. HP: 33/33 MP: 4/11
  3364 | D:3      | Found Maesia's Distillery.
  3397 | D:3      | Reached skill level 1 in Short Blades
  3421 | D:3      | Bought a potion of lignification for 42 gold pieces
  3421 | D:3      | Bought a potion of mutation for 112 gold pieces
  3700 | D:4      | Reached skill level 1 in Fighting
  3939 | D:4      | Found a runed translucent gate.
  3939 | D:4      | Found a runed translucent gate.
  3939 | D:4      | Found a runed translucent gate.
  3942 | D:4      | Noticed Pemander008's ghost (amateur GnWn)
  3959 | D:4      | Reached XP level 7. HP: 38/38 MP: 9/13
  4097 | D:4      | Reached skill level 5 in Conjurations
  4097 | D:4      | Reached skill level 7 in Air Magic
  4106 | D:4      | Learned a level 4 spell: Airstrike
  4110 | D:4      | Learned a level 3 spell: Swiftness
  4750 | D:5      | Entered Level 5 of the Dungeon
  4767 | D:5      | Reached XP level 8. HP: 24/43 MP: 0/15
  5229 | D:5      | Reached skill level 8 in Air Magic
  5243 | D:5      | Learned a level 5 spell: Lightning Bolt
  5272 | D:5      | Shot with an arrow by a centaur

Illustrated notes

Levels and vault maps discovered:
D:1:      kennysheep_arrival_forest, layout_basic, st_stairs_2,
          ebering_dispersal_statue_hall
D:2:      layout_rooms, shapermc_ecumenical_altar_starsandcircs, serial_shops,
          shop, dreamdust_mushroom_princess
D:3:      layout_rooms, portal_sewer_entry_b, serial_shops,
          nicolae_shop_advertising_works [nicolae_subvault_shop_adworks]
D:4:      minmay_evil_eye, layout_basic, gammafunk_ghost_split,
          hangedman_decor_growths
D:5:      layout_basic, lemuel_round_altar, minmay_temple_entry_stoned_glass,
          kennysheep_generic_room_13

Skill      XL: |  1  2  3  4  5  6  7  8 |
---------------+-------------------------+-----
Air Magic      | 5 6 7 8 |  8.0
Conjurations   | 2 3 4 5 |  5.9
Armour         | 1 2 |  2.1
Maces & Flails | 1 |  1.5
Spellcasting   | 3 4 |  4.1
Short Blades   | 1 |  1.0
Fighting       | 1 |  1.0
Dodging        | |  2.6
Stealth        | |  2.4

Action                   |  1- 3 |  4- 6 |  7- 9 || total
-------------------------+-------+-------+-------++-------
Melee: Unarmed           |     7 |       |       ||     7
       Kick              |     4 |    22 |    12 ||    38
       Punch             |     1 |       |       ||     1
       Whip              |    21 |     9 |    27 ||    57
       Peck              |     3 |    12 |     5 ||    20
       Short sword       |     1 |    47 |       ||    48
       Mace              |       |     6 |       ||     6
 Cast: Shock             |    67 |   115 |    36 ||   218
       Static Discharge  |       |     7 |     6 ||    13
  Use: Scroll            |       |     6 |     3 ||     9
       Potion            |       |     5 |     1 ||     6
Armor: Robe              |     7 |       |       ||     7
       Leather armour    |     6 |    18 |    18 ||    42
Dodge: Dodged            |    34 |    53 |    43 ||   130
